 Dungeon Crawl Stone Soup version 0.17.1-3-g152610e (webtiles) character file.

73 Heskey the Skirmisher (level 4, -8/37 HPs)
             Began as a Demonspawn Fighter on Mar 21, 2016.
             Was a Follower of Makhleb.
             Mangled by an ogre
             ... wielding a +0 giant spiked club
              (26 damage)
             ... on level 4 of the Dungeon.
             The game lasted 00:03:38 (2822 turns).

Heskey the Skirmisher (Demonspawn Fighter)          Turns: 2822, Time: 00:03:40

Health: -8/37      AC:  9    Str: 17    XL:     4   Next: 8%
Magic:  0/4        EV:  7    Int:  9    God:    Makhleb [*.....]
Gold:   124        SH:  9    Dex: 15    Spells: 0 memorised, 3 levels left

rFire  + . .     SeeInvis .     a - +0 trident
rCold  . . .     Clarity  .     b - +0 scale mail
rNeg   . . .     SustAt   .     c - +0 shield
rPois  .         Gourm    .     (no helmet)
rElec  .         Spirit   +     h - +2 cloak
rCorr  .         Warding  .     (no gloves)
rMut   .         Stasis   .     (no boots)
MR     .....                    (no amulet)
Stlth  ..........               l - ring of protection from fire
                                k - +2 ring of dexterity

@: not resistant to hostile enchantments, extremely unstealthy
A: talons 1, spiny 1, magic shield
a: Renounce Religion


You were on level 4 of the Dungeon.
You worshipped Makhleb.
Makhleb was aware of your devotion.
You were not hungry.

You visited 1 branch of the dungeon, and saw 4 of its levels.

You collected 124 gold pieces.

Inventory:

Hand Weapons
 a - a +0 trident (weapon)
Armour
 b - a +0 scale mail (worn)
 c - a +0 shield (worn)
 h - a +2 cloak (worn)
Jewellery
 k - a +2 ring of dexterity (left hand)
 l - a ring of protection from fire (right hand)
 s - an uncursed amulet of the gourmand {unknown}
 x - an uncursed ring of wizardry {unknown}
Scrolls
 f - 3 scrolls of immolation {unknown}
 g - a scroll of magic mapping {unknown}
 i - a scroll of enchant armour {unknown}
 j - a scroll of amnesia {unknown}
 n - a scroll of random uselessness {unknown}
 u - 2 scrolls of identify {unknown}
 w - 2 scrolls of enchant weapon {unknown}
Potions
 d - a potion of might
 p - a potion of curing {unknown}
 q - 3 potions of heal wounds {unknown}
 r - a potion of mutation {unknown}
 t - 2 potions of brilliance {unknown}
Books
 v - a book of Minor Magic

   Spells                             Type                      Level
   a - Magic Dart                     Conjuration                  1
   b - Blink                          Translocation                2
   c - Call Imp                       Summoning                    2
   d - Repel Missiles                 Charms/Air                   2
   e - Slow                           Hexes                        2
   f - Conjure Flame                  Conjuration/Fire             3
   g - Mephitic Cloud                 Conjuration/Poison/Air       3
Comestibles
 e - a bread ration
 m - 6 fruits
 o - 4 meat rations
 z - a royal jelly


   Skills:
 * Level 3.8 Fighting
 + Level 2.3 Polearms
 + Level 3.1 Armour
 + Level 3.2 Shields


You had 3 spell levels left.
You didn't know any spells.

Dungeon Overview and Level Annotations

Branches:
Dungeon (4/15)
 Temple: D:4-7

Altars:
Fedhas
Makhleb
Trog
Xom


Innate Abilities, Weirdness & Mutations

You have sharp toenails.
You are partially covered in sharp spines.
When hurt, damage is shared between your health and your magic reserves.


Message History

You are starving!
Eat which item? (? for menu, Esc to quit)
You continue eating. x2
You finish eating.
That meat ration really hit the spot!
You start resting.
HP restored.
You climb downwards.
The ogre is struck by your spines.
The ogre hits you with a giant spiked club!!
Ouch! That really hurt!
There is a stone staircase leading up, spattered with blood here.
You hit the ogre. You claw the ogre, but do no damage.
The ogre is moderately wounded.
You block the ogre's attack.
Your shield and scale mail prevent you from hitting the ogre.
You claw the ogre, but do no damage.
The ogre is moderately wounded.
The ogre is struck by your spines.
The ogre hits you with a giant spiked club!!
Ouch! That really hurt!
You die...

#.#######.# #.#
..#.# #.# #.#.#
#.# ## #.#[# #.#
... #.#.# #.#
#.. #.#.# #.#
##..###.#.# #.#
#.........# #.#
#....O@.#####.##
#..####........#
##########


You could see an ogre.

Vanquished Creatures
  2 oozes
  A worm (D:2)
  3 giant geckos
  3 giant cockroaches
  8 goblins
  4 hobgoblins
  9 jackals
  9 kobolds
  A ball python (D:3)
  4 bats
  2 giant newts (D:1)
  8 rats
54 creatures vanquished.

Notes
Turn   | Place    | Note
--------------------------------------------------------------
     0 | D:1      | Heskey the Demonspawn Fighter began the quest for the Orb.
     0 | D:1      | Reached XP level 1. HP: 18/18 MP: 1/1
    66 | D:1      | Gained mutation: You have sharp toenails. [demonic ancestry]
    66 | D:1      | Reached XP level 2. HP: 17/24 MP: 2/2
   757 | D:1      | Gained mutation: When hurt, damage is shared between your health and your magic reserves. [demonic ancestry]
   757 | D:1      | Reached XP level 3. HP: 25/29 MP: 3/3
  1197 | D:2      | Found a burning altar of Makhleb.
  1223 | D:2      | Became a worshipper of Makhleb the Destroyer
  1513 | D:2      | Found a blossoming altar of Fedhas.
  1714 | D:2      | Found a faded altar to an unknown god.
  2093 | D:3      | Found a shimmering altar of Xom.
  2093 | D:3      | Found a shimmering altar of Xom.
  2093 | D:3      | Found a shimmering altar of Xom.
  2094 | D:3      | Found a shimmering altar of Xom.
  2094 | D:3      | Found a shimmering altar of Xom.
  2258 | D:3      | Found a bloodstained altar of Trog.
  2375 | D:3      | Found a shimmering altar of Xom.
  2377 | D:3      | Found a shimmering altar of Xom.
  2380 | D:3      | Reached * piety under Makhleb
  2380 | D:3      | Gained mutation: You are partially covered in sharp spines. [demonic ancestry]
  2380 | D:3      | Reached XP level 4. HP: 37/37 MP: 4/4
  2557 | D:4      | Noticed an ogre
  2822 | D:4      | Mangled by an ogre

Action                   |  1- 3 |  4- 6 || total
-------------------------+-------+-------++-------
Melee: Trident           |   197 |    11 ||   208
  Eat: Chunk             |     4 |       ||     4
       Meat ration       |       |     1 ||     1
